 Dungeon Crawl Stone Soup version 0.30-a0-586-g23e55c9e0a (webtiles) character file.

Game seed: 14435362716203671527

18 M4edhros the Charlatan (level 2, 0/18 HPs)
             Began as an Octopode Artificer on Jan 3, 2023.
             Slain by a goblin
             ... wielding a +0 club
             ... led by Robin
              (4 damage)
             ... on level 2 of the Dungeon.
             The game lasted 00:00:40 (243 turns).

M4edhros the Charlatan (Octopode Artificer)          Turns: 243, Time: 00:00:40

Health: 0/18       AC:  1    Str: 11    XL:     2   Next: 70%
Magic:  2/2        EV: 13    Int: 13    God:
Gold:   6          SH:  0    Dex: 12    Spells: 1/1 levels left

rFire   . . .      SeeInvis .    f - +2 club (spect)
rCold   . . .      Faith    .    (no shield)
rNeg    . . .      Spirit   .    (helmet restricted)
rPois   .          Reflect  .    (no amulet)
rElec   .          Harm     .    (no ring)
rCorr   .          Rampage  .    (no ring)
Will    .....                    (no ring)
Stlth   +++                      (no ring)
HPRegen 0.23/turn                (no ring)
MPRegen 0.08/turn                (no ring)
                                 (no ring)
                                 (no ring)

@: no status effects
A: almost no armour, amphibious, 8 rings, camouflage 1, gelatinous body 1,
(nimble swimmer 1), tentacles
a: no special abilities


You were on level 2 of the Dungeon.
You visited 1 branch of the dungeon, and saw 3 of its levels.

You collected 6 gold pieces.

Inventory:

Hand Weapons
 f - a +2 spectral club (weapon)
Wands
 b - a wand of flame (15) (quivered)
 c - a wand of charming (14)
 d - a wand of iceblast (5)
Scrolls
 a - a scroll of teleportation {unknown}
 e - a scroll of immolation {unknown}


   Skills:
 + Level 1.3 Fighting
 + Level 2.5 Dodging
 + Level 1.9 Stealth
 * Level 1.1 Unarmed Combat
 + Level 3.4 Evocations


You had one spell level left.
You didn't know any spells.
Your spell library was empty.

Dungeon Overview and Level Annotations

Branches:
Dungeon (3/15)

Altars:


Innate Abilities, Weirdness & Mutations

You cannot wear most types of armour.
You are amphibious.
You can wear up to eight rings at the same time.
Your skin changes colour to match your surroundings (Stealth+).
Your rubbery body absorbs attacks. (AC +1, EV +1)
((You are camouflaged when in or above water. (Stealth+)))
You have tentacles for arms and can constrict up to eight enemies at once.


Message History

You kill the goblin!
You have reached level 2!
Really attack your ally Robin?
You closely miss Robin.
Robin is no longer charmed.
Robin shouts!
Your grab misses Robin. You squeeze Robin.
Robin is almost dead.
You hear an angry hiss.
Robin barely misses you.
You tentacle-slap Robin but do no damage.
You grab Robin. You squeeze Robin.
You kill Robin!
Items here: )) [[ ††.
f - a +2 spectral club You feel a bond with your +2 spectral club.
f - a +2 spectral club (weapon)
An adder comes into view.
There is a stone staircase leading down, spattered with blood here.
The adder closely misses you.
You miss the adder. You grab the adder. You squeeze the adder.
The adder is heavily wounded.
Your +2 spectral club hits the adder.
You constrict the adder.
You kill the adder!
Your Unarmed Combat skill increases to level 1!
You see here an adder corpse.
There is a stone staircase leading down, spattered with blood here.
You climb downwards.
The hobgoblin closely misses you. The hobgoblin barely misses you.
The goblin hits you with a +0 club. The hobgoblin misses you.
There is a stone staircase leading up, spattered with blood here.
The hobgoblin misses you. The hobgoblin hits you. x2
You climb upwards.
There is a stone staircase leading down, spattered with blood here.
You are too injured to fight recklessly!
You hit the hobgoblin. You grab the hobgoblin. You squeeze the hobgoblin.
You kill the hobgoblin!
The hobgoblin closely misses you. The hobgoblin hits you.
* * * LOW HITPOINT WARNING * * *
The goblin hits you with a +0 club.
You die...

#. .. #. #.### ###. .
..... #..# ≈.≈. #...# #..#
§.§.≈ #..##..#...§§.
#####.ggg.#..§≈§_
.......@†.#..≈§§≈≈
####..).[..#≈≈≈≈.≈
#........#..≈.
#.........#§≈.≈
#..........##.##
#...(.....#.....###
#..............)..###
#...########...........##.
#...########...........##.


You could see 2 hobgoblins and a goblin.

Vanquished Creatures
  Robin (D:2)
  An adder (D:2)
  A bat (D:1)
  An endoplasm (D:2)
  A goblin (D:2)
  A hobgoblin (D:2)
  A kobold (D:2)
7 creatures vanquished.

Vanquished Creatures (collateral kills)
  2 goblins (D:2)
2 creatures vanquished.

Grand Total: 9 creatures vanquished

Notes
Turn   | Place    | Note
-------+----------+-------------------------------------------
     0 | D:1      | M4edhros the Octopode Artificer began the quest for the
                  | Orb.
     0 | D:1      | Reached XP level 1. HP: 13/13 MP: 1/1
   195 | D:2      | Found a faded altar of an unknown god.
   215 | D:3      | Noticed Robin
   215 | D:3      | Noticed a hound
   228 | D:2      | Reached XP level 2. HP: 14/18 MP: 2/2
   229 | D:2      | Killed Robin
   237 | D:2      | Reached skill level 1 in Unarmed Combat
   243 | D:2      | Slain by a goblin

Illustrated notes

Levels and vault maps discovered:
D:1:      sevenhm_arrival_forest_fort_small_4, layout_basic, serial_shops, shop,
          solitary_fountain
D:2:      layout_basic, shapermc_ecumenical_altar_starsandcircs
D:3:      layout_loops_ring, nicolae_overflow_quartered_altars, uniq_robin,
          uniq_terence

Skill      XL: |  1  2 |
---------------+-------+-----
Unarmed Combat | 1 |  1.1
Fighting       | |  1.3
Dodging        | |  2.5
Stealth        | |  1.9
Evocations     | |  3.4

Action                   || total
-------------------------++-------
Melee: Unarmed           ||    10
       Tentacles         ||     9
       Constrict         ||     8
       Club              ||     2
Evoke: Wand              ||     1
  Use: Potion            ||     1
Armor: Skin              ||     5
Dodge: Dodged            ||    22

Table legend: (Time is in decaauts)
 A = Elapsed time spent in this place.
 B = Non-inter-level travel time spent in this place.
 C = Inter-level travel time spent in this place.
 D = Time resting spent in this place.
 E = Time spent auto-exploring this place.
 F = Levels seen in this place.
 G = Mean time per level.
                   A        B        C        D        E       F      G
               +--------+--------+--------+--------+--------+-----+--------+
         Total |    243 |    240 |      3 |      0 |    172 |   3 |   81.0 |
       Dungeon |    243 |    240 |      3 |      0 |    172 |   3 |   81.0 |
               +--------+--------+--------+--------+--------+-----+--------+

Top non-repeatable levels by time:
     D:2: 204 daAuts
     D:1: 34 daAuts
     D:3: 5 daAuts
